 Dungeon Crawl Stone Soup version 0.30-a0-953-g5f1da4a474 (webtiles) character file.

Game seed: 16339194089266195307

154 Jeffwins the Grave Robber (level 5, 0/8 (39) HPs)
             Began as a Human Wanderer on Mar 29, 2023.
             Slain by an orc
             ... wielding a +0 club
              (2 damage)
             ... on level 2 of the Dungeon.
             The game lasted 00:04:49 (2284 turns).

Jeffwins the Grave Robber (Human Wanderer)          Turns: 2284, Time: 00:04:49

HP:   0/8 (39)      AC:  4    Str: 11    XL:     5   Next: 62%
MP:   6/6           EV: 10    Int: 14    God:
Gold: 107           SH:  0    Dex: 14    Spells: 5/6 levels left

rFire   . . .      SeeInvis .    a - +0 sling
rCold   . . .      Faith    .    (no shield)
rNeg    . . .      Spirit   .    f - +0 leather armour
rPois   .          Reflect  .    b - +0 helmet
rElec   .          Rampage  .    (no cloak)
rCorr   .                        (no gloves)
Will    .....                    (no boots)
Stlth   ++                       (no amulet)
HPRegen 0.21/turn                (no ring)
MPRegen 0.10/turn                (no ring)

@: extremely drained
A: no striking features
a: no special abilities


You were on level 2 of the Dungeon.
You visited 1 branch of the dungeon, and saw 3 of its levels.

You collected 107 gold pieces.


   Skills:
 + Level 2.4 Fighting
 * Level 3.5 Ranged Weapons
 + Level 3.3 Stealth
 - Level 1.0 Spellcasting
 - Level 4.0 Necromancy
 - Level 1.0 Evocations


You had 5 spell levels left.
You knew the following spells:

 Your Spells              Type           Power      Damage    Failure   Level
X - Kiss of Death         Conj/Necr      24%        2d7       16%         1

Your spell library contained the following spells:

 Spells                   Type           Power      Damage    Failure   Level
 Necrotise                Necr           44%        1d6       7%          1
 Animate Dead             Necr           11%        N/A       54%         4
 Gell's Gravitas          Tloc           0%         N/A       71%         3
 Teleport Other           Tloc           0%         N/A       71%         3
 Dispersal                Tloc           0%         N/A       100%        6

Inventory:

Hand Weapons
 a - a +0 sling (weapon)
 h - a +1 war axe of pain
Armour
 b - a +0 helmet (worn)
 d - a +0 robe
 f - a +0 leather armour (worn)
Jewellery
 L - a ring of flight
Scrolls
 g - a scroll of fog
 i - a scroll of teleportation {@r4}
 l - a scroll of enchant weapon
 n - 2 scrolls of identify {@r1}
Potions
 c - 2 potions of haste {@q3}
 e - 3 potions of ambrosia {unknown}
 j - a potion of berserk rage {unknown}
 k - 3 potions of lignification {unknown}
 m - a potion of attraction {unknown}
 o - a potion of curing {unknown}

Dungeon Overview and Level Annotations

Branches:
Dungeon (3/15)

Altars:
Dithmenos

#.# ### #.# #.....#.#
#.####♣.♣♣ #.# #####'#.####
#....#...♣### #.# #.......#
######.♣..'.## #.# #.#####.#
.....#....#..###.# #)# #.#
######♣..♣#......# #)# #.###
#..###########.# #.# #....
#.......# #o# #.#####.###
###.......# #@# #.......# #
..........######o# #.....#.# #
###.......#...##.######.###...#
# ###<......#..........##.#
##### #
#.........#...##.###.##.# #
#............###.# #.##.## #
#.........######.#
#.#...########
####.............#
#.............
####...###########
###...########


You could see 2 orcs.


Message History

The orc hits you with a +0 mace.
Ouch! That really hurt!
* * * LOW HITPOINT WARNING * * *
You climb upwards.
There is a stone staircase leading down here.
Unknown command.
You shoot a sling bullet. The sling bullet hits the orc!
You kill the orc!
No target in view!
You start resting.
HP restored.
Unknown command.
You climb downwards.
The orc barely misses you. The orc hits you but does no damage.
There is a stone staircase leading up here.
Unknown command.
Unknown command.
The orc hits you with a +0 club. The orc barely misses you.
You climb upwards.
There is a stone staircase leading down here.
Unknown command.
Unknown command.
You shoot a sling bullet. The sling bullet hits the orc.
The orc is heavily wounded.
The orc hits you with a +0 club. x2
* * * LOW HITPOINT WARNING * * *
Unknown command.
You shoot a sling bullet. The sling bullet barely misses the orc.
The orc hits you with a +0 club.
You die...

Skill      XL: |  1  2  3  4 |
---------------+-------------+-----
Ranged Weapons | 2 3 |  3.5
Fighting       | 2 |  2.4
Stealth        | 3 |  3.3
Spellcasting   | |  1.0
Necromancy     | |  4.0
Evocations     | |  1.0

Action                     |  1- 3 |  4- 6 || total
---------------------------+-------+-------++-------
   Fire: Sling             |    87 |    77 ||   164
   Cast: Kiss of Death     |     3 |     6 ||     9
    Use: Scroll            |     3 |       ||     3
 Armour: Leather armour    |    15 |    14 ||    29
  Dodge: Dodged            |    23 |    24 ||    47

Levels and vault maps discovered:
D:1:      saegor_arrival_simple_a, layout_rooms, minivault_5
D:2:      layout_loops_ring, basic_altar, shapermc_ecumenical_altar_ellora,
          chequers_arboretum, kennysheep_generic_room_12
D:3:      layout_rooms

Notes
Turn   | Place    | Note
-------+----------+-------------------------------------------
     0 | D:1      | Jeffwins the Human Wanderer began the quest for the Orb.
     0 | D:1      | Jeffwins set off with the following items: a +0 sling, a +0
                  | helmet, a potion of haste {@q3}, a +0 robe; and the
                  | following spells available to memorise: Necrotise, Kiss of
                  | Death, Animate Dead.
     0 | D:1      | Reached XP level 1. HP: 15/15 MP: 2/2
    95 | D:1      | Reached XP level 2. HP: 16/21 MP: 3/3
   734 | D:1      | Learned a level 1 spell: Kiss of Death
   813 | D:2      | Reached skill level 2 in Ranged Weapons
   823 | D:2      | Reached XP level 3. HP: 25/26 MP: 4/4
   960 | D:2      | Found a faded altar of an unknown god.
  1084 | D:2      | Reached XP level 4. HP: 24/25 MP: 3/5
  1143 | D:2      | Reached skill level 2 in Fighting
  1259 | D:2      | Reached skill level 3 in Ranged Weapons
  1259 | D:2      | Reached skill level 3 in Stealth
  1453 | D:2      | Found a shadowy altar of Dithmenos.
  1461 | D:2      | Reached XP level 5. HP: 28/29 MP: 6/6
  2284 | D:2      | Slain by an orc

Vanquished Creatures
  11 gnolls
  An adder (D:2)
  A dart slug (D:1)
  2 orcs (D:2)
  5 ball pythons
  3 endoplasms (D:2)
  A giant cockroach (D:2)
  3 goblins (D:1)
  3 hobgoblins
  2 kobolds (D:1)
  A quokka (D:1)
  A bat (D:1)
  A frilled lizard (D:2)
  2 rats (D:2)
37 creatures vanquished.

Vanquished Creatures (others)
  6 fungi (D:2)
  3 plants (D:2)
9 creatures vanquished.

Grand Total: 46 creatures vanquished

Table legend: (Time is in decaauts)
 A = Elapsed time spent in this place.
 B = Non-inter-level travel time spent in this place.
 C = Inter-level travel time spent in this place.
 D = Time resting spent in this place.
 E = Time spent auto-exploring this place.
 F = Levels seen in this place.
 G = Mean time per level.
                   A        B        C        D        E       F      G
               +--------+--------+--------+--------+--------+-----+--------+
         Total |   2342 |   2137 |    205 |    342 |   1294 |   3 |  780.7 |
       Dungeon |   2342 |   2137 |    205 |    342 |   1294 |   3 |  780.7 |
               +--------+--------+--------+--------+--------+-----+--------+

Top non-repeatable levels by time:
     D:2: 1516 daAuts
     D:1: 810 daAuts
     D:3: 15 daAuts

Table legend:
 A = Non-vault XP
 B = Vault XP
 C = Vault XP percentage of total XP
 D = Non-vault monster count
 E = Vault monster count
 F = Vault count percentage of total count
                 A         B        C        D         E       F
            +---------+---------+-------+---------+---------+-------
      Total |     218 |       2 |   0.9 |      36 |       1 |   2.7
            +---------+---------+-------+---------+---------+-------
        D:1 |      34 |       0 |   0.0 |      12 |       0 |   0.0
        D:2 |     184 |       2 |   1.1 |      24 |       1 |   4.0
            +---------+---------+-------+---------+---------+-------
